 Dungeon Crawl Stone Soup version 0.26.1-2-gb8aa6d0cf2 (webtiles) character file.

Game seed: 14920427708317071784

175 Descartes the Conjurer (level 5, -2/28 HPs)
             Began as a Deep Elf Conjurer on Mar 14, 2021.
             Slain by Edmund
             ... wielding a +0 flail of holy wrath
              (12 damage)
             ... on level 3 of the Dungeon.
             The game lasted 00:08:38 (3950 turns).

Descartes the Conjurer (Deep Elf Conjurer)          Turns: 3950, Time: 00:08:38

Health: -2/28      AC:  4    Str:  4    XL:     5   Next: 29%
Magic:  9/13       EV: 13    Int: 24    God:
Gold:   219        SH:  0    Dex: 13    Spells: 11/12 levels left

rFire    . . .     SeeInvis .   d - +0 dagger
rCold    . . .     Faith    .   (no shield)
rNeg     . . .     Spirit   .   e - +0 robe (curse)
rPois    .         Reflect  .   (no helmet)
rElec    .         Harm     .   u - +1 cloak
rCorr    .         Rampage  .   (no gloves)
Will     +....                  (no boots)
Stlth    ++........             (no amulet)
HPRegen  0.09/turn              r - ring of willpower
MPRegen  0.13/turn              (no ring)

@: mighty, hasted, very quick
A: no striking features
a: no special abilities


You were on level 3 of the Dungeon.
You visited 1 branch of the dungeon, and saw 4 of its levels.

You collected 219 gold pieces.

Inventory:

Hand Weapons
 d - a +0 dagger (weapon)
 o - a +1 hunting sling of freezing
Missiles
 b - 85 stones
 f - 40 arrows
 i - 11 poisoned darts
 v - 22 sling bullets
Armour
 a - a +0 robe
 e - a cursed +0 robe (worn)
 m - a +0 tower shield
 u - a +1 cloak (worn)
Jewellery
 r - a ring of willpower (left hand)
Wands
 s - a wand of digging (7)
Scrolls
 g - 2 scrolls of identify
 j - a scroll of amnesia {unknown}
 l - a scroll of fog {unknown}
 p - 2 scrolls of enchant armour {unknown}
 q - a scroll of teleportation {unknown}
 w - a scroll of remove curse {unknown}
Potions
 k - a potion of magic
 t - a potion of mutation


   Skills:
 - Level 0.1 Short Blades
 + Level 3.3 Dodging
 + Level 3.3 Stealth
 + Level 1.1 Shields
 + Level 4.0 Spellcasting
 + Level 5.9 Conjurations


You had 11 spell levels left.
You knew the following spells:

 Your Spells              Type           Power        Failure   Level
a - Magic Dart            Conj           100%         1%          1

Your spell library contained the following spells:

 Spells                   Type           Power        Failure   Level
 Searing Ray              Conj           66%          1%          2
 Dazzling Flash           Conj/Hex       38%          9%          3
 Fulminant Prism          Conj/Hex       9%           28%         4
 Iskenderun's Mystic Bla  Conj/Tloc      19%          28%         4


Dungeon Overview and Level Annotations

Branches:
Dungeon (4/15)
 Temple: D:4-7

Altars:
Ashenzari
Fedhas
Okawaru
Ru
Trog
Wu Jian

Annotations:
D:2 1 runed translucent door, Crazy Yiuf
D:3 3 runed translucent doors, Edmund; sipior's ghost, amateur KoSu


Message History

You hit Edmund.
Edmund is lightly wounded.
Edmund hits you with a +0 flail of holy wrath.
* * * LOW HITPOINT WARNING * * *
Casting: Magic Dart (safe; 1% risk of failure)
Confirm with . or Enter, or press ? or * to list all spells.
Aiming: Magic Dart (safe; 1% risk of failure)
Press: ? - help, Shift-Dir - straight line, f - Edmund
Aim: Edmund, wielding a +0 flail of holy wrath and wearing a +0 chain mail (lightly wounded, 0% to evade)
Okay, then.
You feel better. Edmund closely misses you.
You feel yourself speed up.
Edmund says, "People accused me of being a cutpurse!"
Edmund barely misses you.
You hit Edmund but do no damage.
Edmund is lightly wounded.
You hit Edmund but do no damage.
Edmund is lightly wounded.
Edmund hits you with a +0 flail of holy wrath!
You die...

### #.# #### #.#
...# #.#
...###########.###
.............).@@#
...........###.###
...#.#####.###.#
##.#.#####†....#
##.#........####
##.#........#
............#
####........#
...#........#


You could see Edmund.

Vanquished Creatures
  7 adders
  3 worms
  3 dart slugs
  4 leopard geckos
  9 giant cockroaches
  16 hobgoblins
  7 jackals
  2 ball pythons (D:3)
  11 bats
  6 frilled lizards
  6 goblins
  12 kobolds
  6 rats
92 creatures vanquished.

Notes
Turn   | Place    | Note
-------+----------+-------------------------------------------
     0 | D:1      | Descartes the Deep Elf Conjurer began the quest for the
                  | Orb.
     0 | D:1      | Reached XP level 1. HP: 10/10 MP: 6/6
    56 | D:1      | You fall into a shaft and drop 1 floor!
   206 | D:1      | Reached XP level 2. HP: 15/15 MP: 6/8
   261 | D:1      | Reached skill level 5 in Conjurations
   648 | D:1      | Reached XP level 3. HP: 15/19 MP: 6/9
  1403 | D:2      | Found a broken altar of Ashenzari.
  1610 | D:2      | Found a bloodstained altar of Trog.
  1610 | D:2      | Found a blossoming altar of Fedhas.
  1611 | D:2      | Found an ornate altar of the Wu Jian Council.
  1614 | D:2      | Reached XP level 4. HP: 24/24 MP: 7/11
  1788 | D:2      | Found a runed translucent door.
  1789 | D:2      | Noticed Crazy Yiuf
  2249 | D:2      | Found an iron altar of Okawaru.
  3073 | D:3      | Found a faded altar of an unknown god.
  3077 | D:3      | Reached XP level 5. HP: 28/28 MP: 9/12
  3300 | D:3      | Found a runed translucent gate.
  3300 | D:3      | Found a runed translucent gate.
  3300 | D:3      | Noticed sipior's ghost (amateur KoSu)
  3301 | D:3      | Found a runed translucent gate.
  3303 | D:3      | You fall into a shaft and drop 1 floor!
  3433 | D:3      | Reached skill level 1 in Shields
  3672 | D:3      | Found a sacrificial altar of Ru.
  3932 | D:4      | Noticed Edmund
  3950 | D:3      | Slain by Edmund

Illustrated notes

Levels and vault maps discovered:
D:1:      minmay_arrival_diagonal_passages, layout_basic, hex_tiny
D:2:      layout_loops_corners, nicolae_overflow_crystal_walls,
          old_standard_altar, grunt_temple_overflow_open,
          uniq_crazy_yiuf_cottage
D:3:      layout_basic, hangedman_ru_absence, gammafunk_ghost_split,
          chequers_ecumenical_altar_simple_redux, minmay_misc_feat_x
D:4:      layout_loops_ring, nzn_hepliaklqana_mist_gate,
          gammafunk_ghost_nasty_kobolds, uniq_edmund

Skill      XL: |  1  2  3  4  5 |
---------------+----------------+-----
Conjurations   | 5 |  5.9
Dodging        | 3 |  3.3
Stealth        | 3 |  3.3
Spellcasting   | 4 |  4.0
Shields        | 1 |  1.1
Short Blades   | |  0.1

Action                   |  1- 3 |  4- 6 || total
-------------------------+-------+-------++-------
Melee: Dagger            |    20 |     4 ||    24
 Cast: Magic Dart        |    87 |   101 ||   188
  Use: Scroll            |       |     5 ||     5
       Potion            |       |     3 ||     3
Armor: Robe              |     4 |     1 ||     5
Dodge: Dodged            |    17 |     8 ||    25
